 Dungeon Crawl Stone Soup version 0.21-a0-95-g06f091e (webtiles) character file.

6167 grindst0ne the Grappler (level 10, -5/70 HPs)
             Began as a Merfolk Transmuter on July 4, 2017.
             Was an Elder of Okawaru.
             Slain by Erica
             ... wielding a +4 scimitar of flaming
              (9 damage)
             ... on level 10 of the Dungeon.
             The game lasted 00:19:41 (10532 turns).

grindst0ne the Grappler (Merfolk Transmuter)       Turns: 10532, Time: 00:19:41

Health: -5/70      AC:  2    Str: 20    XL:     10   Next: 90%
Magic:  13/16      EV: 38    Int: 12    God:    Okawaru [****..]
Gold:   484        SH:  0    Dex: 24    Spells: 5/17 levels left

rFire    . . .     SeeInvis +     - Unarmed
rCold    . . .     Gourm    .   (shield currently unavailable)
rNeg     . . .     Faith    .   (armour currently unavailable)
rPois    x         Spirit   .   (helmet currently unavailable)
rElec    .         Reflect  .   (cloak currently unavailable)
rCorr    .         Harm     .   (gloves currently unavailable)
MR       .....                  (boots currently unavailable)
Stlth    +++.......             l - amulet of magic regeneration
HPRegen  0.21/turn              E - ring of see invisible
MPRegen  0.40/turn              (no ring)

@: mighty, agile, spider-form, slowed, very slow
A: (change form in water), (swift swim), (stealthy swim)
a: End Transformation, Heroism, Renounce Religion


You were on level 10 of the Dungeon.
You worshipped Okawaru.
Okawaru was greatly pleased with you.
You were not hungry.
You were a venomous arachnid creature.
You visited 2 branches of the dungeon, and saw 11 of its levels.

You collected 484 gold pieces.

Inventory:

Missiles
 a - 141 arrows
Armour
 g - a +0 cloak of poison resistance (melded)
 u - a +2 robe of positive energy (melded)
 B - a +2 pair of boots (melded)
 G - a +1 pair of gloves (melded)
Jewellery
 l - an amulet of magic regeneration (around neck)
 E - a ring of see invisible (left front leg)
 L - an uncursed ring of protection from fire {unknown}
Wands
 z - a wand of paralysis (15/24)
 H - a wand of lightning (4/15)
 I - a wand of disintegration (17/24)
Scrolls
 e - 2 scrolls of teleportation
 j - 4 scrolls of amnesia {unknown}
 k - 3 scrolls of recharging {unknown}
 m - 2 scrolls of blinking
 r - 3 scrolls of immolation {unknown}
 s - 4 scrolls of remove curse {unknown}
 t - 3 scrolls of fog {unknown}
 w - 2 scrolls of enchant weapon {unknown}
 x - a scroll of noise {unknown}
 y - a scroll of magic mapping {unknown}
 C - a scroll of random uselessness {unknown}
 J - 2 scrolls of identify
 K - a scroll of torment {unknown}
Potions
 n - a potion of lignification
 o - a potion of degeneration
 q - 3 potions of mutation
 F - 2 potions of brilliance {unknown}
 N - a potion of flight {unknown}
Books
 c - a book of Changes

   Spells                             Type                      Level
   a - Beastly Appendage              Transmutation                1
   b - Sticks to Snakes               Transmutation                2
   c - Spider Form                    Transmutation/Poison         3
   d - Ice Form                       Ice/Transmutation            4
   e - Blade Hands                    Transmutation                5
 A - a book of Cantrips

   Spells                             Type                      Level
   a - Confusing Touch                Hexes                        1
   b - Animate Skeleton               Necromancy                   1
   c - Summon Small Mammal            Summoning                    1
   d - Apportation                    Translocation                1
 M - a book of Misfortune

   Spells                             Type                      Level
   a - Confusing Touch                Hexes                        1
   b - Confuse                        Hexes                        3
   c - Gell's Gravitas                Translocation                3
   d - Petrify                        Transmutation/Earth          4
   e - Metabolic Englaciation         Hexes/Ice                    5
   f - Yara's Violent Unravelling     Hexes/Transmutation          5
Comestibles
 f - 5 meat rations
 h - 8 royal jellies
 D - 8 fruits


   Skills:
 - Level 3.0 Fighting
 - Level 11.1 Dodging
 + Level 11.2 Unarmed Combat
 - Level 4.1 Spellcasting
 + Level 9.0 Transmutations
 - Level 5.1 Ice Magic


You had 5 spell levels left.
You knew the following spells:

 Your Spells              Type           Power        Failure   Level  Hunger
a - Beastly Appendage     Tmut           ###...       3%          1    #......
b - Spider Form           Tmut/Pois      ##........   26%         3    ###....
c - Sticks to Snakes      Tmut           ###.....     4%          2    ##.....
d - Apportation           Tloc           #.....       43%         1    #......
e - Confusing Touch       Hex            #.....       43%         1    #......
f - Ice Form              Ice/Tmut       ###.....     28%         4    #####..


Dungeon Overview and Level Annotations

Branches:
Dungeon (10/15)            Temple (1/1) D:6
   Lair: D:8-11         Orc: D:9-12

Altars:
Ashenzari
Cheibriados
Dithmenos
Elyvilon
Fedhas
Gozag
Hepliaklqana
Kikubaaqudgha
Makhleb
Nemelex Xobeh
Okawaru
Qazlal
Ru
Sif Muna
Trog
Uskayaw
Vehumet
Wu Jian
Xom
Yredelemnul
Zin
The Shining One

Annotations:
D:10 Erica


Message History

* * * LOW HITPOINT WARNING * * *
Your transformation has ended.
Your +0 cloak of poison resistance unmelds from your body.
Your +1 pair of gloves unmelds from your body.
Your +2 pair of boots unmelds from your body.
Your +2 robe of positive energy unmelds from your body.
You feel resistant to poison.
You feel more protected from negative energy.
Erica closely misses you.
Casting: Spider Form
Confirm with . or Enter, or press ? or * to list all spells.
You turn into a venomous arachnid creature.
Your +0 cloak of poison resistance melds into your body.
Your +1 pair of gloves melds into your body.
Your +2 pair of boots melds into your body.
Your +2 robe of positive energy melds into your body.
You no longer feel resistant to poison.
You feel less protected from negative energy.
Erica hits you with a scimitar of flaming!
You die...

#####################
.......s@ol..........
#..#######...........
#...........
#o..........
#...........
#.........%.
#>..........
#...........
#...........


You could see Erica (invisible), an iguana and an orc priest.

Vanquished Creatures
  A two-headed ogre (D:9)
  Pikel (D:4)
  A hippogriff (D:6)
  A wraith (D:10)
  2 hungry ghosts
  Grum (D:9)
  A water moccasin (D:9)
  A slave (D:4)
  A hornet zombie (D:9)
  2 ice beasts
  8 ogres
  2 wolves (D:9)
  A necrophage (D:8)
  7 centaurs
  Blork the orc (D:6)
  3 bullfrogs
  4 scorpions
  A water moccasin skeleton (D:6)
  8 killer bees
  A vampire bat (D:6)
  6 crimson imps
  A bullfrog zombie (D:6)
  Crazy Yiuf (D:2)
  3 hounds
  2 orc priests
  5 orc wizards
  4 bullfrog skeletons
  2 centaur skeletons
  9 worker ants
  A worker ant zombie (D:6)
  9 adders
  7 gnolls
  4 shadow imps
  3 adder skeletons
  An adder zombie (D:5)
  5 worms
  A leopard gecko (D:1)
  25 orcs
  2 giant cockroaches
  6 goblins
  4 hobgoblins (D:1)
  12 jackals
  6 quokkas
  17 bats
  6 frilled lizards
  A jackal skeleton (D:5)
  4 kobolds
  2 quokka zombies
  4 rats
  A fungus (D:2)
202 creatures vanquished.

Vanquished Creatures (collateral kills)
  A two-headed ogre (D:6)
  A hound (D:7)
  An orc (D:4)
3 creatures vanquished.

Vanquished Creatures (others)
  An adder skeleton (D:4)
  2 fungi (D:10)
3 creatures vanquished.

Grand Total: 208 creatures vanquished

Notes
Turn   | Place    | Note
-------+----------+-------------------------------------------
     0 | D:1      | grindst0ne the Merfolk Transmuter began the quest for the Orb.
     0 | D:1      | Reached XP level 1. HP: 15/15 MP: 3/3
   305 | D:1      | Reached XP level 2. HP: 21/21 MP: 3/5
  1050 | D:2      | Reached XP level 3. HP: 14/26 MP: 4/6
  1518 | D:2      | Learned a level 3 spell: Spider Form
  1521 | D:2      | Learned a level 2 spell: Sticks to Snakes
  1532 | D:2      | Found a sparkling altar of Nemelex Xobeh.
  1639 | D:2      | Found a white marble altar of Elyvilon.
  2397 | D:2      | Reached XP level 4. HP: 32/32 MP: 7/7
  2580 | D:2      | Found a runed door.
  2584 | D:2      | Noticed Crazy Yiuf
  2595 | D:2      | Killed Crazy Yiuf
  2894 | D:3      | Found a shimmering altar of Xom.
  2932 | D:3      | Reached XP level 5. HP: 35/37 MP: 6/8
  3184 | D:3      | Found a shattered altar of Ashenzari.
  3184 | D:3      | Found a bloodstained altar of Trog.
  3286 | D:3      | Reached skill level 5 in Dodging
  3295 | D:3      | Reached XP level 6. HP: 26/43 MP: 3/9
  3436 | D:4      | Reached skill level 5 in Unarmed Combat
  3436 | D:4      | Reached skill level 5 in Transmutations
  3553 | D:4      | Noticed a slave
  3554 | D:4      | Noticed a slave
  3555 | D:4      | Noticed Pikel
  3556 | D:4      | Noticed a slave
  3556 | D:4      | Noticed a slave
  3576 | D:4      | Killed a slave
  3585 | D:4      | Killed Pikel
  3585 | D:4      | Reached XP level 7. HP: 38/48 MP: 10/10
  4075 | D:4      | Reached XP level 8. HP: 54/54 MP: 11/11
  4389 | D:5      | Entered Level 5 of the Dungeon
  4553 | D:5      | HP: 2/55 [poisoned by an orc]
  4559 | D:5      | HP: 1/55 [poisoned by an orc]
  4567 | D:5      | HP: 1/55 [poisoned by an orc]
  4881 | D:5      | Found an opulent altar of Gozag.
  5624 | D:6      | Found a burning altar of Makhleb.
  5624 | D:6      | Noticed an Executioner
  5651 | D:6      | Found a staircase to the Ecumenical Temple.
  5658 | Temple   | Entered the Ecumenical Temple
  5750 | Temple   | Became a worshipper of Warmaster Okawaru
  5957 | D:6      | Noticed a two-headed ogre
  5967 | D:6      | Killed a two-headed ogre
  5967 | D:6      | Reached * piety under Okawaru
  5967 | D:6      | Reached XP level 9. HP: 29/63 MP: 8/12
  6182 | D:6      | Found a sparkling altar of Nemelex Xobeh.
  6192 | D:6      | Noticed Blork the orc
  6205 | D:6      | Killed Blork the orc
  6584 | D:6      | Found a sacrificial altar of Ru.
  6584 | D:6      | Found a hide-covered altar of Uskayaw.
  6586 | D:6      | Found a basalt altar of Yredelemnul.
  6666 | D:6      | Reached skill level 10 in Dodging
  6990 | D:7      | Learned a level 1 spell: Apportation
  6992 | D:7      | Learned a level 1 spell: Confusing Touch
  7364 | D:7      | Found a hazy altar of Hepliaklqana.
  7396 | D:7      | Found a stormy altar of Qazlal.
  7452 | D:7      | Reached ** piety under Okawaru
  7757 | D:8      | Found an ornate altar of the Wu Jian Council.
  7878 | D:8      | Reached XP level 10. HP: 68/70 MP: 13/16
  7884 | D:8      | Learned a level 4 spell: Ice Form
  7942 | D:8      | Reached skill level 1 in Ice Magic
  8146 | D:8      | Reached skill level 10 in Unarmed Combat
  9110 | D:9      | Noticed a two-headed ogre
  9131 | D:9      | Killed a two-headed ogre
  9131 | D:9      | Reached *** piety under Okawaru
  9131 | D:9      | Reached skill level 5 in Ice Magic
  9440 | D:9      | Found a deep blue altar of Sif Muna.
 10163 | D:9      | Noticed Grum
 10194 | D:9      | Killed Grum
 10275 | D:9      | Reached **** piety under Okawaru
 10459 | D:10     | Entered Level 10 of the Dungeon
 10464 | D:10     | Noticed Erica
 10532 | D:10     | Slain by Erica

Vault maps used:
D:1:      kennysheep_arrival_forest, serial_forest,
          infiniplex_forest_clump_curved, infiniplex_forest_zigzag_1,
          infiniplex_forest_clump_tiny, infiniplex_forest_lined_4_way
D:2:      overflow_temple_1_default, nemelex_lonely_heart_becter,
          uniq_crazy_yiuf_cottage
D:3:      led_xom_imps, gammafunk_temple_overflow_statue
D:4:      moated_statue, uniq_pikel
D:5:      nicolae_gozag_cash_rules_everything_around_me, first_bread,
          hangedman_decor_riveting
D:6:      nemelex_xobeh_ov_fountains_minmay, nicolae_overflow_hidden_temple,
          minmay_temple_entry_butterflies, makhleb_altar_promises_db,
          uniq_blork_the_orc
D:7:      kennysheep_mini, lemuel_crystal_altar, roderic_batcave
D:8:      cheibrodos_iron_armory, old_standard_altar
D:9:      overflow_temple_1_default, uniq_grum
D:10:     grunt_lair_entry_orc_guard_hut, david_orc_3,
          nicolae_trove_entry_free_sample, uniq_erica
Temple:   dpeg_three_leaves_temple

Skill      XL: |  1  2  3  4  5  6  7  8  9 10 |
---------------+-------------------------------+-----
Dodging        | 3 4 5 6 7 9 11 | 11.1
Transmutations | 3 4 6 7 9 |  9.0
Unarmed Combat | 4 6 8 9 11 | 11.2
Fighting       | 3 |  3.0
Spellcasting   | 4 |  4.1
Ice Magic      | 5 |  5.1

Action                   |  1- 3 |  4- 6 |  7- 9 | 10-12 || total
-------------------------+-------+-------+-------+-------++-------
Melee: Unarmed           |    95 |   123 |   286 |   184 ||   688
       Headbutt          |     8 |       |       |       ||     8
       Punch             |     3 |       |     1 |       ||     4
 Cast: Beastly Appendage |    11 |       |       |       ||    11
       Spider Form       |     6 |    15 |    44 |    34 ||    99
       Sticks to Snakes  |       |     4 |    10 |    10 ||    24
       Confusing Touch   |       |       |       |     3 ||     3
Invok: Heroism           |       |       |       |     4 ||     4
  Use: Potion            |     2 |       |       |     4 ||     6
       Scroll            |       |       |     7 |     1 ||     8
 Stab: Sleeping          |     2 |       |     1 |     1 ||     4
       Distracted        |       |     4 |       |     1 ||     5
       Confused          |       |       |       |     4 ||     4
  Eat: Chunk             |     6 |     7 |    17 |    11 ||    41
       Bread ration      |       |       |     1 |     1 ||     2
Armor: Robe              |    21 |     8 |    10 |     5 ||    44
       Skin              |     2 |     8 |     8 |     3 ||    21
Dodge: Dodged            |    77 |   123 |   336 |   218 ||   754
